 Dungeon Crawl Stone Soup version 0.28-a0-1159-g27aa881441 (webtiles) character file.

Game seed: 3329556193067074954

1776 avis the Grappler (level 9, 0/79 HPs)
             Began as a Hill Orc Monk on Dec 15, 2021.
             Was a Believer of Beogh.
             Slain by an orc (4 damage)
             ... on level 6 of the Dungeon on Dec 16, 2021.
             The game lasted 00:30:25 (6842 turns).

avis the Grappler (Hill Orc Monk)                   Turns: 6842, Time: 00:30:25

Health: 0/79       AC:  3    Str: 14    XL:     9   Next: 8%
Magic:  21/21      EV: 13    Int: 14    God:    Beogh [**....]
Gold:   289        SH:  0    Dex: 13    Spells: 10/12 levels left

rFire   . . .      SeeInvis .     - Unarmed
rCold   . . .      Faith    .   (no shield)
rNeg    . . .      Spirit   .   G - +0 leather armour
rPois   .          Reflect  .   (no helmet)
rElec   .          Harm     .   (no cloak)
rCorr   .          Rampage  .   (no gloves)
Will    .....                   (no boots)
Stlth   ++........              (no amulet)
HPRegen 0.23/turn               f - ring of magical power
MPRegen 0.17/turn               n - +4 ring of slaying

@: no status effects
A: no striking features
a: Renounce Religion, Smiting


You were on level 6 of the Dungeon.
You worshipped Beogh.
Beogh was pleased with you.
You visited 2 branches of the dungeon, and saw 7 of its levels.

You collected 289 gold pieces.

Inventory:

Hand Weapons
 d - a +0 trident
Missiles
 c - 21 stones
 g - 4 boomerangs (quivered)
 o - 34 poisoned darts
Armour
 G - a +0 leather armour (worn)
Jewellery
 f - a ring of magical power (left hand)
 n - a +4 ring of slaying (right hand)
 y - a ring of protection from fire
Wands
 a - a wand of charming (6)
 l - a wand of mindburst (19)
Scrolls
 b - a scroll of vulnerability {unknown}
 e - 2 scrolls of identify
 j - a scroll of amnesia {unknown}
 m - 3 scrolls of teleportation {unknown}
 v - a scroll of blinking {unknown}
 D - a scroll of holy word {unknown}
 F - a scroll of silence {unknown}
Potions
 p - 2 potions of curing
 q - 2 potions of heal wounds
 s - a potion of flight
 C - a potion of brilliance


   Skills:
 - Level 7.0 Fighting
 - Level 5.0 Dodging
 - Level 1.5 Stealth
 * Level 9.1 Unarmed Combat
 - Level 2.0 Spellcasting
 - Level 2.0 Transmutations


You had 10 spell levels left.
You knew the following spells:

 Your Spells              Type           Power      Damage    Failure   Level
a - Passwall              Tmut/Erth      3%         N/A       30%         2

Your spell library contained the following spells:

 Spells                   Type           Power      Damage    Failure   Level
 Sandblast                Erth           2%         2d4       30%         1
 Gell's Gravitas          Tloc           1%         N/A       65%         3
 Lesser Beckoning         Tloc           1%         N/A       65%         3
 Stone Arrow              Conj/Erth      2%         3d7       65%         3
 Teleport Other           Tloc           1%         N/A       65%         3


Dungeon Overview and Level Annotations

Branches:
Dungeon (6/15)             Temple (1/1) D:6

Altars:
Cheibriados
Beogh

Shops:
D:2 :   D:3 !

Annotations:
D:4 3 runed translucent doors, ThanksArdit's ghost, amateur MiGl


Message History

a +0 flail; a +0 hand axe; an orc corpse You hit the orc warrior.
The orc warrior is moderately wounded.
The orc barely misses the orc.
The orc warrior hits you with a +0 short sword!
You hit the orc warrior.
The orc warrior is heavily wounded.
The orc hits the orc but does no damage.
The orc warrior hits you with a +0 short sword!
You punch the orc warrior!
The orc warrior is severely wounded.
The orc warrior hits you with a +0 short sword!
You barely miss the orc warrior.
The orc warrior is severely wounded.
The orc wizard misses the orc warrior.
You barely miss the orc warrior.
The orc warrior is severely wounded.
The orc warrior hits you with a +0 short sword!
You closely miss the orc warrior.
The orc warrior is severely wounded.
The orc wizard hits the orc warrior with a +0 dagger.
The orc warrior hits you with a +0 short sword!
You closely miss the orc warrior.
The orc warrior is almost dead.
The orc wizard hits the orc warrior with a +0 dagger.
The orc warrior hits you with a +0 short sword!
* * * LOW HITPOINT WARNING * * *
You barely miss the orc warrior.
The orc warrior is almost dead.
The orc barely misses you.
The orc wizard hits the orc warrior but does no damage.
The orc barely misses the orc.
The orc warrior hits you with a +0 short sword!
* * * LOW HITPOINT WARNING * * *
You hit the orc warrior.
You kill the orc warrior!
Beogh accepts your kill. The orc hits you with a +0 mace.
You die...
Beogh appreciates the orc's killing of a heretic priest.

#...####..#.#
#.......#...#.....#..
#.....).#..#...##....
#.8.)?8o#......###...
#...))).#............
#.......#...........#
#.8o.o8[#..........##
#...)o..#.........##
#...@.).####..#...##.
#.8..)8.####.##......
#.....o.#.....#...###
##.....##............
#8...8##.....#...###
##...###.#########
##'####.# #......#
########


You could see an orc, a neutral orc wizard (wandering) and 3 neutral orcs.

Vanquished Creatures
  Grinder (D:6)
  Sigmund (D:5)
  A steam dragon (D:5)
  2 water moccasins (D:5)
  An orc warrior (D:6)
  A black bear (D:4)
  A necrophage (D:4)
  An ogre (D:4)
  A phantom (D:3)
  A wyvern zombie (D:6)
  2 scorpions
  A water moccasin skeleton (D:4)
  A howler monkey (D:5)
  A bullfrog zombie (D:5)
  A hound (D:5)
  2 jellies
  A bullfrog skeleton (D:5)
  2 centaur skeletons (D:6)
  A gnoll shaman (D:4)
  Terence (D:3)
  2 orc wizards
  3 gnolls (D:4)
  A howler monkey skeleton (D:4)
  8 adders
  2 white imps
  An adder skeleton (D:4)
  4 dart slugs
  9 orcs
  3 ball pythons
  3 bats
  9 endoplasms
  2 goblins
  5 hobgoblins
  2 frilled lizards (D:3)
  4 kobolds
  8 rats
90 creatures vanquished.

Vanquished Creatures (others)
  A sky beast (D:6)
  An orc priest (D:6)
  2 orc wizards (D:6)
  15 orcs (D:6)
19 creatures vanquished.

Grand Total: 109 creatures vanquished

Notes
Turn   | Place    | Note
-------+----------+-------------------------------------------
     0 | D:1      | avis the Hill Orc Monk began the quest for the Orb.
     0 | D:1      | Reached XP level 1. HP: 19/19 MP: 1/1
   277 | D:1      | Reached XP level 2. HP: 23/26 MP: 2/2
   432 | D:1      | Reached skill level 4 in Unarmed Combat
   959 | D:2      | Found a faded altar of an unknown god.
  1002 | D:2      | Found a snail-covered altar of Cheibriados.
  1102 | D:2      | Reached XP level 3. HP: 28/31 MP: 3/3
  1436 | D:2      | Found Caje's Book Boutique.
  2007 | D:3      | Found Mifof's Distillery.
  2021 | D:3      | Reached skill level 5 in Unarmed Combat
  2105 | D:3      | Noticed Terence
  2360 | D:3      | Reached XP level 4. HP: 26/39 MP: 4/4
  2691 | D:3      | Noticed a scorpion
  2691 | D:3      | You fall into a shaft and drop 3 floors!
  2721 | D:6      | Noticed Grinder
  2740 | D:5      | Entered Level 5 of the Dungeon
  2819 | D:5      | Reached skill level 6 in Unarmed Combat
  2849 | D:5      | Reached XP level 5. HP: 2/45 MP: 5/5
  3331 | D:4      | Found a runed translucent gate.
  3332 | D:4      | Found a runed translucent gate.
  3333 | D:4      | Found a runed translucent gate.
  3333 | D:4      | Noticed ThanksArdit's ghost (amateur MiGl)
  3334 | D:4      | Identified the +5 mace of Zimy {spect, +Blink Str+2 Int-3}
  3334 | D:4      | Identified the +0 ring mail of Perphu {Harm rElec rC-
                  | Int+3}
  3334 | D:4      | Identified the +9 plate armour of the Slug {*Slow rN++
                  | Will- Dex+8}
  3334 | D:4      | Noticed an orc warrior
  3366 | D:4      | Noticed an ogre
  3372 | D:4      | Killed an ogre
  3373 | D:4      | Reached skill level 7 in Unarmed Combat
  3373 | D:4      | Reached XP level 6. HP: 53/53 MP: 6/6
  3376 | D:4      | Noticed a necrophage
  3393 | D:4      | Killed a necrophage
  3394 | D:4      | Reached skill level 5 in Fighting
  3491 | D:4      | Noticed a black bear
  3500 | D:4      | Killed a black bear
  3501 | D:4      | Reached XP level 7. HP: 56/61 MP: 7/7
  3600 | D:3      | Reached skill level 8 in Unarmed Combat
  4048 | D:3      | Killed Terence
  4971 | D:4      | Found a roughly hewn altar of Beogh.
  5083 | D:5      | Reached skill level 9 in Unarmed Combat
  5087 | D:5      | Reached XP level 8. HP: 49/70 MP: 8/8
  5281 | D:5      | Noticed Sigmund
  5424 | D:5      | Killed Sigmund
  5808 | D:5      | Reached skill level 5 in Dodging
  5811 | D:5      | Learned a level 2 spell: Passwall
  6063 | D:6      | Reached skill level 1 in Spellcasting
  6117 | D:6      | Found a staircase to the Ecumenical Temple.
  6126 | Temple   | Entered the Ecumenical Temple
  6151 | D:6      | Reached skill level 1 in Transmutations
  6516 | D:6      | Identified the +5 long sword "Kyonkaro" {flame, Fly rElec}
  6530 | D:6      | Paralysed by Grinder for 7 turns
  6554 | D:6      | Killed Grinder
  6555 | D:6      | Reached XP level 9. HP: 37/79 MP: 12/12
  6774 | D:6      | Found a runed translucent door.
  6795 | D:6      | Became a worshipper of Beogh the Brigand
  6795 | D:6      | Reached * piety under Beogh
  6795 | D:6      | Reached ** piety under Beogh
  6842 | D:6      | Slain by an orc

Illustrated notes

Levels and vault maps discovered:
D:1:      wander_arrival_peaceful_grave, layout_basic
D:2:      layout_rooms, basic_altar, basic_ecumenical_altar, serial_shops, shop
D:3:      layout_basic, serial_shops, nicolae_shop_waterfront,
          kennysheep_generic_room_15, uniq_terence
D:4:      layout_basic, biasface_ghost_orc_armoury
D:5:      layout_rooms, uniq_sigmund
D:6:      layout_rooms, minmay_temple_entry_wispy, lightli_church_of_beogh,
          uniq_grinder
Temple:   mainiacjoe_temple_trianglar_array

Skill      XL: |  1  2  3  4  5  6  7  8 |
---------------+-------------------------+-----
Unarmed Combat | 4 5 6 7 9 |  9.1
Fighting       | 4 5 7 |  7.0
Dodging        | 3 5 |  5.0
Spellcasting   | 2 |  2.0
Transmutations | 2 |  2.0
Stealth        | |  1.5

Action                   |  1- 3 |  4- 6 |  7- 9 || total
-------------------------+-------+-------+-------++-------
Melee: Unarmed           |   105 |    76 |   164 ||   345
       Punch             |     2 |       |     5 ||     7
Invok: Convert to Beogh  |       |       |     1 ||     1
  Use: Potion            |       |     3 |     1 ||     4
       Scroll            |       |       |     4 ||     4
 Stab: Sleeping          |     3 |       |       ||     3
Armor: Robe              |    11 |     3 |       ||    14
       Ring mail         |       |     4 |    23 ||    27
       Leather armour    |       |       |     3 ||     3
Dodge: Dodged            |    43 |    35 |    71 ||   149

Table legend: (Time is in decaauts)
 A = Elapsed time spent in this place.
 B = Non-inter-level travel time spent in this place.
 C = Inter-level travel time spent in this place.
 D = Time resting spent in this place.
 E = Time spent auto-exploring this place.
 F = Levels seen in this place.
 G = Mean time per level.
                   A        B        C        D        E       F      G
               +--------+--------+--------+--------+--------+-----+--------+
         Total |   6781 |   6295 |    486 |   2082 |   2716 |   7 |  968.7 |
       Dungeon |   6762 |   6276 |    486 |   2082 |   2716 |   6 | 1127.0 |
        Temple |     18 |     18 |      0 |      0 |      0 |   1 |   18.0 |
               +--------+--------+--------+--------+--------+-----+--------+

Top non-repeatable levels by time:
     D:3: 1555 daAuts
     D:4: 1387 daAuts
     D:5: 1330 daAuts
     D:1: 952 daAuts
     D:2: 897 daAuts
     D:6: 640 daAuts
  Temple: 18 daAuts
